 Dungeon Crawl Stone Soup version 0.29-a0-356-g7bc237e783 (webtiles) character file.

Game seed: 9169365612712471170

16 spaghetti the Sneak (level 2, 22/22 HPs)
             Began as a Demonspawn Brigand on Apr 26, 2022.
             Was a Follower of Makhleb.
             Quit the game on level 1 of the Dungeon.
             The game lasted 00:01:10 (611 turns).

spaghetti the Sneak (Demonspawn Brigand)             Turns: 611, Time: 00:01:10

Health: 22/22      AC:  3    Str: 11    XL:     2   Next: 41%
Magic:  2/2        EV: 12    Int: 12    God:    Makhleb [*.....]
Gold:   21         SH:  0    Dex: 14    Spells: 1/1 levels left

rFire   . . .      SeeInvis .   a - +2 dagger {short}
rCold   . . .      Faith    .   (no shield)
rNeg    . . .      Spirit   .   b - +0 robe
rPois   .          Reflect  .   (no helmet)
rElec   .          Harm     .   c - +0 cloak
rCorr   .          Rampage  .   (no gloves)
Will    .....                   (no boots)
Stlth   ++........              (no amulet)
HPRegen 0.07/turn               (no ring)
MPRegen 0.08/turn               (no ring)

@: no status effects
A: powered by death 1
a: Renounce Religion


You were on level 1 of the Dungeon.
You worshipped Makhleb.
Makhleb was aware of your devotion.
You visited 1 branch of the dungeon, and saw 1 of its levels.

You collected 21 gold pieces.


Innate Abilities, Weirdness & Mutations

You regenerate a little health from kills.


   Skills:
 + Level 2.1 Fighting
 + Level 2.0 Short Blades
 - Level 2.1 Throwing
 + Level 1.2 Dodging
 + Level 3.7 Stealth
 * Level 0.0 Invocations


You had one spell level left.
You didn't know any spells.
Your spell library was empty.

Inventory:

Hand Weapons
 a - a +2 dagger (weapon) {short}
Missiles
 d - 9 poisoned darts (quivered) {throwing}
 e - 3 curare-tipped darts {=fthrowing}
 k - 6 stones {throwing}
Armour
 b - a +0 robe (worn)
 c - a +0 cloak (worn)
Jewellery
 f - a ring of willpower
   (You found it on level 1 of the Dungeon)
Scrolls
 i - a scroll of identify {unknown}
Potions
 g - a potion of berserk rage {unknown}
 h - a potion of lignification {unknown}
 j - a potion of curing {unknown}
 l - a potion of ambrosia {unknown}

Dungeon Overview and Level Annotations

Branches:
Dungeon (1/15)

Altars:
Makhleb

..# #...##..#..[#
..####.#.##..#...#
.......#..#..#...#
.)........#..#...#
#########.#..#...#
.#.#...#..#..#...#
.#P#.#.#.....#..$#
P..PP........##..#
.#.#.#.#.......)@#
.#_#.P.#....####.#
.#.#.#.#..#>.......
.PP..)...........##.#
.#P#.#.#.........# #
.#P#...#....####.#
#########...# #.#
..... ..### #.# ....#
#...


There were no monsters in sight!


Message History

The hobgoblin shouts!
A hobgoblin is nearby!
A hobgoblin is nearby!
There is an open door here.
You closely miss the hobgoblin.
The hobgoblin hits you but does no damage.
You barely miss the hobgoblin. The hobgoblin barely misses you.
You hit the hobgoblin. You barely miss the hobgoblin.
The hobgoblin barely misses you.
You hit the hobgoblin but do no damage.
The hobgoblin hits you but does no damage.
You hit the hobgoblin but do no damage. The hobgoblin barely misses you.
You hit the hobgoblin. The hobgoblin hits you. 😕 HP[-1]
You take 1 damage, and now have 21/22 hp.
You barely miss the hobgoblin. The hobgoblin barely misses you.
You hit the hobgoblin.
You kill the hobgoblin!
No target in view!
You see here a hobgoblin corpse.
You see here a hobgoblin corpse.
There is an open door here.
A goblin comes into view. It is wielding a +0 dagger. 😎 HP[+1]
Your hp is fully restored (22).
A goblin is nearby!
A goblin is nearby!
Found a faded altar of an unknown god.
No target in view!
There is a faded altar of an unknown god here.
You cannot tell which god this altar belongs to.
Convert to them anyway?
Makhleb accepts your prayer! Makhleb welcomes you!
You can now gain health from killing.
No reachable target in view!
You hit the plant.
The plant begins to die.
You hit the plant. You hit the plant. You hit the plant. You hit the plant.
A nearby plant withers and dies.
Found a stone staircase leading down.
No target in view!
You hit the plant.
The plant begins to die.
You hit the plant. You hit the plant. You hit the plant.
A nearby plant withers and dies.
You hit the goblin but do no damage. The goblin barely misses you.
You closely miss the goblin. The goblin barely misses you.
You hit the goblin. The goblin completely misses you.
You hit the goblin.
The goblin hits you with a +0 dagger. 😕 HP[-3]
You take 3 damage, and now have 19/22 hp.
You hit the goblin.
You kill the goblin!
Makhleb accepts your kill.
Your Short Blades skill increases to level 2!
Things that are here:
a +0 dagger {short}; a goblin corpse 😕 HP[+1]
A kobold comes into view. It is wielding a +0 short sword.
A kobold is nearby! 😎 HP[+2]
Your hp is fully restored (22).
A kobold is nearby!
A kobold is nearby!
The kobold shouts!
You miss the kobold. You closely miss the kobold.
The kobold hits you with a +0 short sword. 😕 HP[-2]
You take 2 damage, and now have 20/22 hp.
You are too injured to fight recklessly!
You are too injured to fight recklessly!
You are too injured to fight recklessly!
You are too injured to fight recklessly!
You are too injured to fight recklessly!
You are too injured to fight recklessly!
You are too injured to fight recklessly!
You are too injured to fight recklessly!
You are too injured to fight recklessly!
You are too injured to fight recklessly!
You are too injured to fight recklessly!
You are too injured to fight recklessly!
You are too injured to fight recklessly!
You are too injured to fight recklessly!
You are too injured to fight recklessly!
You barely miss the kobold. The kobold barely misses you.
A kobold is nearby!
A kobold is nearby!
You hit the kobold.
You kill the kobold!
Makhleb accepts your kill.
You feel better. 😕 HP[+1]
k - 6 stones {throwing} (gained 1)
Things that are here:
a +0 short sword {short}; a kobold corpse 😎 HP[+1]
Your hp is fully restored (22).
Are you sure you want to abandon this character and quit the game? (Confirm with "yes".)

Skill      XL: |  1  2 |
---------------+-------+-----
Dodging        | 1 |  1.2
Throwing       | 2 |  2.1
Short Blades   | 2 |  2.0
Fighting       | |  2.1
Stealth        | |  3.7

Action                   || total
-------------------------++-------
Melee: Dagger            ||    56
 Stab: Sleeping          ||     4
Armor: Robe              ||    11
Dodge: Dodged            ||    22

Levels and vault maps discovered:
D:1:      dpeg_arrival_lava_altar, layout_basic,
          shapermc_ecumenical_altar_mp_urbaneastern

Notes
Turn   | Place    | Note
-------+----------+-------------------------------------------
     0 | D:1      | spaghetti the Demonspawn Brigand began the quest for the
                  | Orb.
     0 | D:1      | Reached XP level 1. HP: 16/16 MP: 1/1
     0 | D:1      | magus.rc [v1.9.6]
   232 | D:1      | Reached skill level 1 in Dodging
   235 | D:1      | Reached skill level 2 in Throwing
   306 | D:1      | Gained mutation: You regenerate a little health from kills.
                  | [demonic ancestry]
   306 | D:1      | Reached XP level 2. HP: 16/22 MP: 2/2
   545 | D:1      | Found a faded altar of an unknown god.
   548 | D:1      | Prayed at the altar of an unknown god.
   548 | D:1      | Became a worshipper of Makhleb the Destroyer
   548 | D:1      | Reached * piety under Makhleb
   566 | D:1      | Reached skill level 2 in Short Blades
   611 | D:1      | Quit the game

Vanquished Creatures
  2 endoplasms (D:1)
  2 goblins (D:1)
  4 hobgoblins (D:1)
  A quokka (D:1)
  A ball python (D:1)
  A bat (D:1)
  3 kobolds (D:1)
  A rat (D:1)
15 creatures vanquished.

Vanquished Creatures (others)
  2 plants (D:1)
2 creatures vanquished.

Grand Total: 17 creatures vanquished

Table legend:
 A = Non-vault XP
 B = Vault XP
 C = Vault XP percentage of total XP
 D = Non-vault monster count
 E = Vault monster count
 F = Vault count percentage of total count
                 A         B        C        D         E       F
            +---------+---------+-------+---------+---------+-------
      Total |      24 |       0 |   0.0 |      15 |       0 |   0.0
            +---------+---------+-------+---------+---------+-------
        D:1 |      24 |       0 |   0.0 |      15 |       0 |   0.0
            +---------+---------+-------+---------+---------+-------

Illustrated notes

Table legend:
 A = Kills in this place as a percentage of kills in entire the game.
 B = Kills by you in this place as a percentage of kills by you in the entire game.
 C = Kills by friends in this place as a percentage of kills by friends in the entire game.
 D = Other kills in this place as a percentage of other kills in the entire game.
 E = Experience gained in this place as a percentage of experience gained in the entire game.
 F = Experience gained in this place divided by the number of levels of this place that you have seen.
                   A       B       C       D       E      F
               +-------+-------+-------+-------+-------+----------------------
         Total | 100.0 | 100.0 |   N/A |   N/A | 100.0 |  24.0
       Dungeon | 100.0 | 100.0 |   N/A |   N/A | 100.0 |  24.0
               +-------+-------+-------+-------+-------+----------------------

Table legend: (Time is in decaauts)
 A = Elapsed time spent in this place.
 B = Non-inter-level travel time spent in this place.
 C = Inter-level travel time spent in this place.
 D = Time resting spent in this place.
 E = Time spent auto-exploring this place.
 F = Levels seen in this place.
 G = Mean time per level.
                   A        B        C        D        E       F      G
               +--------+--------+--------+--------+--------+-----+--------+
         Total |    605 |    605 |      0 |    118 |    365 |   1 |  605.0 |
       Dungeon |    605 |    605 |      0 |    118 |    365 |   1 |  605.0 |
               +--------+--------+--------+--------+--------+-----+--------+

Top non-repeatable levels by time:
     D:1: 605 daAuts
